 Dungeon Crawl Stone Soup version 0.32-a0-391-gce5c0aab1b (webtiles) character file.

Game seed: 16714231943585592610

563 ytrimaz the Carver (level 7, -4/50 HPs)
             Began as a Coglin Gladiator on Feb 19, 2024.
             Slain by Blork the orc
             ... wielding a +1 halberd of protection
              (17 damage)
             ... on level 4 of the Dungeon.
             The game lasted 00:05:15 (3887 turns).

ytrimaz the Carver (Coglin Gladiator)               Turns: 3887, Time: 00:05:16

Health: -4/50      AC:  4    Str: 14    XL:     7   Next: 32%
Magic:  7/7        EV: 12    Int:  7    God:
Gold:   110        SH:  0    Dex: 18    Spells: 6/6 levels left

rFire   . . .        a - +1 long sword (flame) {Ajinder}
rCold   . . .        i - +0 short sword {Vicente}
rNeg    . . .        b - +0 leather armour
rPois   .            c - +0 helmet
rElec   .            (no cloak)
rCorr   .            (no gloves)
SInv    .            (no boots)
Will    .....        (no amulet)
Stlth   +            (no ring)
HPRegen 0.28/turn    (no ring)
MPRegen 0.10/turn

%: no passive effects
@: revving, stiff-legged, very slow
A: off-hand wielding, slow wielding, warmup strikes, warmup strides
a: Convert to Beogh


You were on level 4 of the Dungeon.
You visited 1 branch of the dungeon, and saw 4 of its levels.
You also visited: Sewer.

You collected 110 gold pieces.


Innate Abilities, Weirdness & Mutations

You can wield a second weapon in your off-hand.
It takes a long time for you to wield or remove held weapons.
Your first few attacks do less damage.
Your first movements take longer.


   Skills:
 - Level 2.0 Fighting
 + Level 8.2 Long Blades
 - Level 1.7 Throwing
 - Level 2.6 Dodging


You had 6 spell levels left.
You didn't know any spells.
Your spell library contained the following spells:

 Spells                   Type           Power      Damage    Failure   Level
 Summon Small Mammal      Summ           0%         N/A       52%         1
 Call Canine Familiar     Summ           0%         N/A       87%         3
 Dazzling Flash           Conj/Hex       0%         N/A       87%         3
 Volatile Blastmotes      Fire/Tloc      0%         2d10      87%         3
 Summon Blazeheart Golem  Fire/Summ      0%         N/A       99%         4
 Starburst                Conj/Fire      0%         6d3       100%        6
 Maxwell's Capacitive Co  Air            0%         ∞         100%        8

Inventory:

Hand Weapons
 a - a +1 long sword of flaming (weapon) {Ajinder}
 i - a +0 short sword (worn) {Vicente}
   (You took it off a kobold on level 2 of the Dungeon)
Missiles
 d - 2 throwing nets (quivered)
 e - a javelin
 p - 4 silver javelins
Armour
 b - a +0 leather armour (worn)
 c - a +0 helmet (worn)
Jewellery
 m - a ring of ice
   (You found it on level 3 of the Dungeon)
Scrolls
 g - 2 scrolls of teleportation
 o - a scroll of enchant weapon
Potions
 h - 2 potions of attraction
 j - 2 potions of enlightenment
 k - 2 potions of curing

Dungeon Overview and Level Annotations

Branches:
Dungeon (4/15) Zot: 20325   Sewer (visited)
 Temple: D:4-7

Altars:
Nemelex Xobeh
Qazlal
Sif Muna
Uskayaw
The Shining One

Annotations:
D:4 Blork the orc

#
########.#.##
#.......K...#
#....@or.o.oK
#....#######.
#####....#
#......#...#
#.###....#.#
#.# #...##.#
#$# ###.# #
#.# #.# #.#
#.##....


You could see Blork the orc, an orc priest, an orc, a quokka and 2 kobolds.


Message History

The orc wizard hits you with a +0 dagger. 😕 HP[-1]
You take 1 damage, and now have 48/50 hp.
You miss the orc wizard with your +0 short sword.
You closely miss the orc wizard with your +1 long sword of flaming.
The orc wizard hits you but does no damage.
Unknown command.
You barely miss the orc wizard with your +1 long sword of flaming.
You closely miss the orc wizard with your +0 short sword.
You closely miss the orc wizard with your +1 long sword of flaming.
You closely miss the orc wizard with your +0 short sword.
The orc wizard barely misses you.
You closely miss the orc wizard with your +0 short sword.
You hit the orc wizard with your +1 long sword of flaming.
You burn the orc wizard.
The orc wizard points at you and mumbles some strange words.
You resist with some effort. 😕 HP[+1]
You hit the orc wizard but do no damage.
You hit the orc wizard with your +0 short sword.
You kill the orc wizard!
Unknown command.
Things that are here:
a +0 dagger; a +0 robe; 😎 HP[+1]
Your hp is fully restored (50).
An orc is nearby!
An orc is nearby!
The orc shouts!
Unknown command.
You enter the shallow water.
Moving in this stuff is going to be slow.
The orc splashes around in the water.
You hit the orc but do no damage.
You slash the orc with your +1 long sword of flaming!
You burn the orc.
You kill the orc!
You hear a splash. x2
Things that are here:
a +0 club; a +0 leather armour No target in view!
Unknown command.
No target in view!
Unknown command.
You see here 13 gold pieces.
You see here 6 stones.
Key pressed, stopping explore.
There is a stone staircase leading down here.
There is a stone staircase leading up here.
Key pressed, stopping explore.
You enter the shallow water.
Moving in this stuff is going to be slow.
Key pressed, stopping explore.
You see here a +0 chain mail.
You see here 7 gold pieces.
An endoplasm comes into view.
An endoplasm is nearby!
An endoplasm is nearby!
Unknown command.
The endoplasm quivers.
You hit the endoplasm with your +0 short sword.
You slash the endoplasm with your +1 long sword of flaming!
You burn the endoplasm.
You kill the endoplasm!
Blork the orc points at you and mumbles some strange words.
The puff of flame hits you. 😕 HP[-5]
You take 5 damage, and now have 45/50 hp.
Autopickup is now on.
An orc and a kobold come into view.
The kobold shouts!
The orc shouts!
You hear a shout! x2
A quokka comes into view.
Blork the orc misses you.
You hit Blork the orc with your +1 long sword of flaming.
You burn Blork the orc.
You barely miss Blork the orc with your +0 short sword.
Blork the orc hits you with a +1 halberd of protection!
A kobold comes into view.
It is wielding a +0 short sword. 😮 HP[-11]
You take 11 damage, and now have 34/50 hp.
MASSIVE DAMAGE!! (PAUSE)
You barely miss Blork the orc with your +1 long sword of flaming.
You hit Blork the orc but do no damage.
Blork the orc hits you with a +1 halberd of protection!
* * * LOW HITPOINT WARNING * * *
An orc priest comes into view. It is wielding a +0 whip. 😨 HP[-13]
You take 13 damage, and now have 21/50 hp.
MASSIVE DAMAGE!! (PAUSE)
The orc priest shouts!
You slash Blork the orc with your +1 long sword of flaming!
You burn Blork the orc.
You hit Blork the orc with your +0 short sword.
Blork the orc hits you with a +1 halberd of protection!
* * * LOW HITPOINT WARNING * * *
😨 HP[-8]
You take 8 damage, and now have 13/50 hp.
Unknown command.
You hit Blork the orc but do no damage. x2
Blork the orc hits you with a +1 halberd of protection!
You die...

Skill      XL: |  1  2  3  4  5  6  7 |
---------------+----------------------+-----
Long Blades    | 4 5 6 7 8 |  8.2
Fighting       | |  2.0
Throwing       | |  1.7
Dodging        | |  2.6

Action                     |  1- 3 |  4- 6 |  7- 9 || total
---------------------------+-------+-------+-------++-------
  Melee: Long sword        |    73 |   119 |    29 ||   221
         Short sword       |     1 |   111 |    26 ||   138
  Throw: Javelin           |       |     1 |       ||     1
         Throwing net      |       |       |     1 ||     1
    Use: Scroll            |     1 |     8 |     1 ||    10
         Potion            |       |     4 |     2 ||     6
   Stab: Sleeping          |     3 |       |       ||     3
 Armour: Leather armour    |    42 |    90 |    22 ||   154
         Skin              |       |    32 |       ||    32
  Dodge: Dodged            |    67 |   105 |    16 ||   188

Levels and vault maps discovered:
D:1:      dpeg_arrival_rooms_with_view, layout_basic, minmay_pentomino_z2
D:2:      layout_loops_cross, kennysheep_jessica_study
D:3:      layout_basic, mainiacjoe_overflow_chevrons, tso_altar,
          gammafunk_temple_overflow_statue, corexii_hall_statues_x,
          minmay_misc_feat_more_columns
D:4:      wander_river, layout_loops_ring, nicolae_uskayaw_en_pointe,
          cheibrodos_sewer_entry_drain, minmay_between, uniq_blork_the_orc

Notes
Turn   | Place    | Note
-------+----------+-------------------------------------------
     0 | D:1      | ytrimaz the Coglin Gladiator began the quest for the Orb.
     0 | D:1      | Reached XP level 1. HP: 16/16 MP: 1/1
     0 | D:1      | magus.rc [v1.9.6]
    42 | D:1      | Reached XP level 2. HP: 22/22 MP: 2/2
   171 | D:1      | Reached skill level 4 in Long Blades
   269 | D:1      | Reached XP level 3. HP: 20/27 MP: 3/3
   986 | D:2      | Reached XP level 4. HP: 31/33 MP: 4/4
  1026 | D:2      | Reached skill level 5 in Long Blades
  1027 | D:2      | HP: 8/33 [gnoll/+0 halberd (9)]
  1030 | D:2      | HP: 1/33 [gnoll/+0 halberd (8)]
  1253 | D:2      | Reached XP level 5. HP: 32/38 MP: 5/5
  1428 | D:2      | Noticed Jessica
  1434 | D:2      | Killed Jessica
  1768 | D:3      | Reached skill level 6 in Long Blades
  1796 | D:3      | Found a shimmering blue altar of Sif Muna.
  1866 | D:3      | HP: 7/38 [gnoll/+0 club (4)]
  2035 | D:3      | Found a sparkling altar of Nemelex Xobeh.
  2035 | D:3      | Found a stormy altar of Qazlal.
  2099 | D:3      | You pick up a book of Callings and begin reading...
  2099 | D:3      | You add the spells Summon Small Mammal, Call Canine
                  | Familiar and Summon Blazeheart Golem to your library.
  2467 | D:3      | You pick up a book of Spectacle and begin reading...
  2467 | D:3      | You add the spells Volatile Blastmotes, Dazzling Flash,
                  | Starburst and Maxwell's Capacitive Coupling to your
                  | library.
  2529 | D:3      | Found a glowing golden altar of the Shining One.
  2710 | D:4      | Noticed Blork the orc
  2824 | D:4      | Noticed a phantom
  2834 | D:4      | Reached XP level 6. HP: 35/44 MP: 6/6
  2842 | D:4      | Reached skill level 7 in Long Blades
  2904 | D:4      | Noticed a +0 dagger
  2904 | D:4      | Noticed a +0 dagger
  2905 | D:4      | Noticed a +0 falchion
  2906 | D:4      | Noticed a +0 spear
  2907 | D:4      | Noticed a +0 short sword
  2907 | D:4      | Noticed a +0 short sword
  2907 | D:4      | Noticed a +0 spear
  2907 | D:4      | Noticed a +0 falchion
  2910 | D:4      | Found a hide-covered altar of Uskayaw.
  2977 | D:4      | Found a glowing drain.
  2988 | Sewer    | Entered a sewer
  3288 | Sewer    | Found a white marble altar of Elyvilon.
  3350 | D:4      | Reached XP level 7. HP: 26/50 MP: 7/7
  3504 | D:4      | Reached skill level 8 in Long Blades
  3511 | D:4      | HP: 12/50 [Blork the orc/+1 halberd of protection (11)]
  3512 | D:4      | HP: 1/50 [Blork the orc/+1 halberd of protection (11)]
  3525 | D:4      | HP: 11/50 [ball python (2)]
  3887 | D:4      | Slain by Blork the orc

Vanquished Creatures
  An ogre (D:4)
  A phantom (D:4)
  A kobold brigand (Sewer)
  An orc priest (D:4)
  Jessica (D:2)
  An orc wizard (D:4)
  7 gnolls
  3 adders
  4 dart slugs
  7 orcs (D:4)
  3 bats
  4 endoplasms
  2 giant cockroaches
  6 goblins
  4 hobgoblins
  3 jackals (D:3)
  10 kobolds
  4 quokkas
  11 ball pythons
  4 frilled lizards
  13 rats
91 creatures vanquished.

Table legend:
 A = Non-vault XP
 B = Vault XP
 C = Vault XP percentage of total XP
 D = Non-vault monster count
 E = Vault monster count
 F = Vault count percentage of total count
                 A         B        C        D         E       F
            +---------+---------+-------+---------+---------+-------
      Total |     634 |     171 |  21.2 |      76 |      15 |  16.5
            +---------+---------+-------+---------+---------+-------
        D:1 |      48 |      10 |  17.2 |      20 |       4 |  16.7
        D:2 |     124 |      41 |  24.8 |      21 |       2 |   8.7
        D:3 |      88 |       0 |   0.0 |      14 |       0 |   0.0
        D:4 |     374 |       6 |   1.6 |      21 |       2 |   8.7
      Sewer |       0 |     114 | 100.0 |       0 |       7 | 100.0
            +---------+---------+-------+---------+---------+-------

Skill      XL: |  1  2  3  4  5  6  7 |
---------------+----------------------+-----
Long Blades    | 4 5 6 7 8 |  8.2
Fighting       | |  2.0
Throwing       | |  1.7
Dodging        | |  2.6

Action                     |  1- 3 |  4- 6 |  7- 9 || total
---------------------------+-------+-------+-------++-------
  Melee: Long sword        |    73 |   119 |    29 ||   221
         Short sword       |     1 |   111 |    26 ||   138
  Throw: Javelin           |       |     1 |       ||     1
         Throwing net      |       |       |     1 ||     1
    Use: Scroll            |     1 |     8 |     1 ||    10
         Potion            |       |     4 |     2 ||     6
   Stab: Sleeping          |     3 |       |       ||     3
 Armour: Leather armour    |    42 |    90 |    22 ||   154
         Skin              |       |    32 |       ||    32
  Dodge: Dodged            |    67 |   105 |    16 ||   188

Illustrated notes

Table legend:
 A = Kills in this place as a percentage of kills in the entire game.
 B = Kills by you in this place as a percentage of kills by you in the entire game.
 C = Kills by friends in this place as a percentage of kills by friends in the entire game.
 D = Other kills in this place as a percentage of other kills in the entire game.
 E = Experience gained in this place as a percentage of experience gained in the entire game.
 F = Experience gained in this place divided by the number of levels of this place that you have seen.
                   A       B       C       D       E      F
               +-------+-------+-------+-------+-------+----------------------
         Total | 100.0 | 100.0 |   N/A |   N/A | 100.0 | 161.0
       Dungeon |  92.3 |  92.3 |   N/A |   N/A |  85.8 | 172.8
         Sewer |   7.7 |   7.7 |   N/A |   N/A |  14.2 | 114.0
               +-------+-------+-------+-------+-------+----------------------

Table legend: (Time is in decaauts)
 A = Elapsed time spent in this place.
 B = Non-inter-level travel time spent in this place.
 C = Inter-level travel time spent in this place.
 D = Time resting spent in this place.
 E = Time spent auto-exploring this place.
 F = Levels seen in this place.
 G = Mean time per level.
                   A        B        C        D        E       F      G
               +--------+--------+--------+--------+--------+-----+--------+
         Total |   4045 |   3941 |    104 |    214 |   2938 |   5 |  809.0 |
       Dungeon |   3673 |   3569 |    104 |     30 |   2807 |   4 |  918.2 |
         Sewer |    371 |    371 |      0 |    184 |    131 |   1 |  371.0 |
               +--------+--------+--------+--------+--------+-----+--------+

Top non-repeatable levels by time:
     D:3: 1159 daAuts
     D:2: 925 daAuts
     D:1: 815 daAuts
     D:4: 773 daAuts
   Sewer: 371 daAuts
